 Dungeon Crawl Stone Soup version 0.29.1-1-gd02db6906a (webtiles) character file.

Game seed: 14934976495177036700

699498 RogueRain17 the Axe Maniac (level 27, -3/306 HPs)
             Began as a Demonspawn Gladiator on Sept 16, 2022.
             Was a High Priest of Makhleb.
             Killed by the air
             ... invoked by a titan
              (32 damage)
             ... on level 6 of Cocytus on Sept 18, 2022.
             The game lasted 09:55:12 (81143 turns).

RogueRain17 the Axe Maniac (Demonspawn Gladiator)  Turns: 81143, Time: 09:55:14

Health: -3/306     AC: 59    Str: 28    XL:     27
Magic:  30/40      EV: 13    Int: 17    God:    Makhleb [*****.]
Gold:   3494       SH: 25    Dex: 17    Spells: 26/26 levels left

rFire   + + .      SeeInvis +   Z - +9 broad axe (vorpal)
rCold   + + +      Faith    .   H - +2 kite shield of the Louse {rPois rF+ Str+3 SInv}
rNeg    + + +      Spirit   .   U - +10 crystal plate armour
rPois   +          Reflect  +   z - +2 hat {Will+}
rElec   +          Harm     .   (cloak unavailable)
rCorr   +          Rampage  .   J - +2 pair of gloves {infuse}
Will    ++++.      Clarity  +   N - +2 pair of boots "Soubb" {Will+}
Stlth   .......... NoCast   +   O - amulet "Neuser" {Reflect -Cast rC+++ rN+ Str+4 SH+5}
HPRegen 1.41/turn               y - ring "Jaireizu" {Wiz rElec}
MPRegen 0.27/turn               o - ring "Dilefant" {rN++ rCorr Str-4 Int+6}

@: unable to drink
A: rugged brown scales 3, icemail 2, robust 3, spiny 3, condensation shield,
weakness stinger 3, clarity, fire resistance 1, regeneration 1
}: 5/15 runes: decaying, serpentine, silver, obsidian, abyssal
a: Renounce Religion, Minor Destruction, Lesser Servant of Makhleb, Major
Destruction, Greater Servant of Makhleb


You were on level 6 of Cocytus.
You worshipped Makhleb.
Makhleb was extremely pleased with you.
You visited 13 branches of the dungeon, and saw 62 of its levels.
You visited the Abyss 3 times.
You also visited: Sewer, Bailey, Gauntlet and Desolation.

You collected 7652 gold pieces.
You spent 4158 gold pieces at shops.

Inventory:

Hand Weapons
 Z - a +9 vorpal broad axe (weapon)
Missiles
 d - 6 throwing nets
 T - 3 silver javelins (quivered)
Armour
 i - the +8 orange crystal plate armour {Archmagi, Int+3 Clar}
   (You found it in the Desolation of Salt)

   Int:       It affects your intelligence (+3).
   Clar:      It protects you against confusion.
 z - a +2 hat of willpower (worn)
 G - the +2 hood of the Assassin {Detection Stab+ Stlth++}
   (You found it in the Desolation of Salt)

   It allows the wearer to sense nearby creatures.
   It allows the wearer to make particularly effective stabbing attacks against
   helpless or unaware enemies with any weapon.
   Stlth:     It makes you much more stealthy.
 H - the +2 kite shield of the Louse (worn) {rPois rF+ Str+3 SInv}
   (You acquired it on level 1 of the Snake Pit)

   Str:       It affects your strength (+3).
   rF:        It protects you from fire.
   rPois:     It protects you from poison.
   SInv:      It lets you see invisible.
 J - a +2 pair of gloves of infusion (worn)
 N - the +2 pair of boots "Soubb" (worn) {Will+}
   (You acquired it on level 2 of the Depths)

   Will:      It increases your willpower.
 U - a +10 crystal plate armour (worn)
Jewellery
 a - the ring of Wuzonlyc {EV+4 Str+2 Dex-3 Stlth+}
   (You found it on level 2 of the Lair of Beasts)

   [ring of evasion]

   EV:        It affects your evasion (+4).
   Str:       It affects your strength (+2).
   Dex:       It affects your dexterity (-3).
   Stlth:     It makes you more stealthy.
 c - the ring of Liqafa {rF+ MP+9 Int+6}
   (You found it on level 2 of the Depths)

   [ring of intelligence]

   Int:       It affects your intelligence (+6).
   rF:        It protects you from fire.
   MP:        It affects your magic capacity (+9).
 h - the ring "Heuchog" {Will+ Str+6 Int+3}
   (You took it off a vampire knight on level 2 of the Depths)

   [ring of strength]

   Str:       It affects your strength (+6).
   Int:       It affects your intelligence (+3).
   Will:      It increases your willpower.
 l - a +4 ring of slaying
 o - the ring "Dilefant" (right hand) {rN++ rCorr Str-4 Int+6}
   (You found it on level 2 of the Depths)

   [ring of intelligence]

   Str:       It affects your strength (-4).
   Int:       It affects your intelligence (+6).
   rN:        It greatly protects you from negative energy.
   rCorr:     It protects you from acid and corrosion.
 v - a ring of positive energy
 y - the ring "Jaireizu" (left hand) {Wiz rElec}
   (You found it in the Desolation of Salt)

   [ring of wizardry]

   It improves your spell success rate.
   rElec:     It insulates you from electricity.
 C - a ring of flight
 D - the amulet "Qiuh" {Acrobat rC+}
   (You took it off a rakshasa on level 3 of the Depths)

   [amulet of the acrobat]

   It increases your evasion while moving and waiting.
   rC:        It protects you from cold.
 M - a ring of resist corrosion
 O - the amulet "Neuser" (around neck) {Reflect -Cast rC+++ rN+ Str+4 SH+5}
   (You acquired it in a bailey)

   [amulet of reflection]

   It reflects blocked missile attacks.
   Str:       It affects your strength (+4).
   rC:        It renders you almost immune to cold.
   rN:        It protects you from negative energy.
   -Cast:     It prevents spellcasting.
   SH:        It affects your SH (+5).
 P - the ring "Duemowk" {rPois rF+ Dex+4}
   (You bought it in a shop on level 2 of the Depths)

   [ring of poison resistance]

   Dex:       It affects your dexterity (+4).
   rF:        It protects you from fire.
   rPois:     It protects you from poison.
 Q - the ring of Understanding {rC+ rCorr SInv}
   (You found it on level 7 of Gehenna)

   [ring of see invisible]

   rC:        It protects you from cold.
   SInv:      It lets you see invisible.
   rCorr:     It protects you from acid and corrosion.
 Y - the amulet "Ahokaj" {RegenMP rElec Regen+ Slay+3}
   (You bought it in a shop on level 2 of the Elven Halls)

   [amulet of magic regeneration]

   It increases your rate of magic regeneration.
   Slay:      It affects your accuracy & damage with ranged weapons and melee
   (+3).
   rElec:     It insulates you from electricity.
   Regen:     It increases your rate of health regeneration.
Wands
 t - a wand of digging (24)
 W - a wand of roots (27)
Scrolls
 e - a scroll of enchant weapon
 f - a scroll of silence
 j - 7 scrolls of butterflies
 m - a scroll of enchant armour
 n - 13 scrolls of teleportation
 s - 10 scrolls of amnesia
 u - 12 scrolls of vulnerability
 L - 5 scrolls of magic mapping
 R - 4 scrolls of poison
Potions
 b - 3 potions of resistance
 g - 10 potions of brilliance
 k - 3 potions of might
 p - 5 potions of berserk rage
 q - 5 potions of magic
 w - 8 potions of mutation
 x - 14 potions of attraction
 A - 6 potions of ambrosia
 B - 17 potions of curing
 E - 2 potions of heal wounds
 I - 4 potions of invisibility
 S - 12 potions of flight
 V - a potion of haste


   Skills:
 - Level 20.0 Fighting
 O Level 27 Axes
 + Level 14.9 Throwing
 * Level 22.4 Armour
 - Level 14.3 Dodging
 - Level 16.0 Shields
 O Level 27 Invocations


You had 26 spell levels left.
You didn't know any spells.
Your spell library contained the following spells:

 Spells                   Type           Power      Damage    Failure   Level
 Apportation              Tloc           0%         N/A       78%         1
 Beastly Appendage        Tmut           0%         N/A       78%         1
 Magic Dart               Conj           0%         1d3       78%         1
 Shock                    Conj/Air       0%         1d3       78%         1
 Slow                     Hex            0%         N/A       78%         1
 Sting                    Tmut/Pois      0%         1d3       78%         1
 Summon Small Mammal      Summ           0%         N/A       78%         1
 Blink                    Tloc           0%         N/A       89%         2
 Call Imp                 Summ           0%         N/A       89%         2
 Ensorcelled Hibernation  Hex/Ice        0%         N/A       89%         2
 Passwall                 Tmut/Erth      0%         N/A       89%         2
 Wereblood                Tmut           0%         N/A       89%         2
 Call Canine Familiar     Summ           0%         N/A       98%         3
 Confusing Touch          Hex            0%         N/A       98%         3
 Dazzling Flash           Conj/Hex       0%         N/A       98%         3
 Gell's Gravitas          Tloc           0%         N/A       98%         3
 Inner Flame              Hex/Fire       0%         N/A       98%         3
 Lesser Beckoning         Tloc           0%         N/A       98%         3
 Mephitic Cloud           Conj/Pois/Air  0%         N/A       98%         3
 Portal Projectile        Hex/Tloc       0%         N/A       98%         3
 Spider Form              Tmut/Pois      0%         N/A       98%         3
 Summon Guardian Golem    Hex/Summ       0%         N/A       98%         3
 Swiftness                Air            0%         N/A       98%         3
 Teleport Other           Tloc           0%         N/A       98%         3
 Tukima's Dance           Hex            0%         N/A       98%         3
 Vampiric Draining        Necr           0%         2d6       98%         3
 Airstrike                Air            0%         2d(0-16)  100%        4
 Anguish                  Hex/Necr       0%         N/A       100%        4
 Animate Armour           Summ/Erth      0%         N/A       100%        4
 Cause Fear               Hex            0%         N/A       100%        4
 Ice Form                 Ice/Tmut       0%         N/A       100%        4
 Leda's Liquefaction      Hex/Erth       0%         N/A       100%        4
 Petrify                  Tmut/Erth      0%         N/A       100%        4
 Summon Ice Beast         Ice/Summ       0%         N/A       100%        4
 Alistair's Intoxication  Tmut/Pois      0%         N/A       100%        5
 Blade Hands              Tmut           0%         N/A       100%        5
 Borgnjor's Vile Clutch   Necr/Erth      0%         N/A       100%        5
 Fireball                 Conj/Fire      0%         3d3       100%        5
 Iskenderun's Battlesphe  Conj           0%         2d6       100%        5
 Lee's Rapid Deconstruct  Erth           0%         3d5*      100%        5
 Manifold Assault         Tloc           0%         N/A       100%        5
 Metabolic Englaciation   Hex/Ice        0%         N/A       100%        5
 Summon Forest            Summ/Tloc      0%         N/A       100%        5
 Summon Mana Viper        Hex/Summ       0%         N/A       100%        5
 Conjure Ball Lightning   Conj/Air       0%         3x3d6     100%        6
 Eringya's Noxious Bog    Tmut/Pois      0%         N/A       100%        6
 Iron Shot                Conj/Erth      0%         9d1       100%        6
 Starburst                Conj/Fire      0%         6d3       100%        6
 Statue Form              Tmut/Erth      0%         N/A       100%        6
 Dragon Form              Tmut           0%         N/A       100%        7
 Malign Gateway           Summ/Tloc      0%         N/A       100%        7
 Monstrous Menagerie      Summ           0%         N/A       100%        7
 Orb of Destruction       Conj           0%         9d5       100%        7
 Summon Hydra             Summ           0%         N/A       100%        7
 Borgnjor's Revivificati  Necr           0%         N/A       100%        8
 Discord                  Hex            0%         N/A       100%        8
 Necromutation            Tmut/Necr      0%         N/A       100%        8
 Summon Horrible Things   Summ           0%         N/A       100%        8
 Chain Lightning          Conj/Air       0%         N/A       100%        9
 Death's Door             Necr           0%         N/A       100%        9
 Dragon's Call            Summ           0%         N/A       100%        9
 Fire Storm               Conj/Fire      0%         5d1       100%        9
 Shatter                  Erth           0%         3d5*      100%        9


Dungeon Overview and Level Annotations

Branches:
Dungeon (15/15)            Temple (1/1) D:5            Lair (5/5) D:11
  Swamp (4/4) Lair:2        Snake (4/4) Lair:2        Slime (0/5) Lair:5
    Orc (2/2) D:12            Elf (3/3) Orc:2        Vaults (5/5) D:13
  Crypt (0/3) Vaults:3     Depths (4/4) D:15           Hell (visited)
    Dis (0/7) Hell            Geh (7/7) Hell            Coc (6/7) Hell
    Tar (0/7) Hell            Zot (5/5) Depths:4      Sewer (visited)
 Bailey (visited)         Desolation (visited)      Gauntlet (visited)

Altars:
Ashenzari
Cheibriados
Dithmenos
Fedhas
Gozag
Hepliaklqana
Kikubaaqudgha
Makhleb
Nemelex Xobeh
Okawaru
Qazlal
Ru
Sif Muna
Trog
Uskayaw
Vehumet
Wu Jian
Xom
Yredelemnul

Shops:
D:12 (   Orc:2 *!((   Elf:2 =::   Snake:2 ![   Snake:3 *   Snake:4 :=:
Vaults:2 [   Depths:2 =!

Portals:
Hell: Depths:1 Depths:2 Depths:3 Depths:4
Abyss: Depths:3
Pandemonium: Depths:1 Depths:2
Ziggurat: Depths:2

Annotations:
Lair:1 exclusions: electric eel and 2 more exclusions
Lair:2 exclusion: oklob plant
Elf:1 1 runed translucent door
Elf:2 3 runed translucent doors
Depths:3 exclusions: 4 hell hogs, 2 hell knights and 8 more exclusions
Depths:4 4 exclusions


Innate Abilities, Weirdness & Mutations

You are completely covered in rugged brown scales. (AC +3, +7% HP)
A meltable icy envelope protects you from harm. (AC +8)
You are extremely robust. (+30% HP)
You are completely covered in sharp spines.
A meltable shield of frost defends you. (SH +4)
You have a sharp stinger which inflicts weakening toxins.
You possess an exceptional clarity of mind.
Your flesh is heat resistant. (rF+)
Your natural rate of healing is unusually fast.


Message History

The torrent of water reflects off an invisible shield around you!
The torrent of water passes through the water elemental.
The torrent of water hits the elemental wellspring!!!
You destroy the elemental wellspring!
Makhleb accepts your kill.
You feel better.
The water elemental disappears in a puff of smoke! x3
The wave splashes down.
You hit the nargun but do no damage. You hit the water elemental.
You destroy the water elemental!
The water elemental disappears in a puff of smoke!
You slash the water elemental! You block the water elemental's attack.
Unknown command.
You hit the nargun but do no damage. You hit the water elemental.
You slash the water elemental!
The titan waves its arms in wide circles.
The air twists around and strikes you!!
* * * LOW HITPOINT WARNING * * *
The Ice Fiend gestures at you.
The bolt of cold hits you but does no damage.
You resist with almost no effort.
Your cacodemon hits the Ice Fiend! Your cacodemon hits the Ice Fiend.
The water elemental is struck by your spines.
The water elemental misses you.
The water elemental is struck by your spines.
The water elemental hits you.
It's too cold; everything's frozen solid!
You completely miss the nargun.
Your tail-slap misses the nargun.
You hit the water elemental but do no damage.
You slash the water elemental!
The elemental wellspring gestures.
Send 'em back where they came from!
Your cacodemon shudders.
Your cacodemon hits the Ice Fiend!
Your cacodemon barely misses the Ice Fiend.
You block the nargun's attack. x2; The water elemental barely misses you.
You block the water elemental's attack.
The titan waves its arms in wide circles.
The air twists around and strikes you!!
You die...

#≈≈# #≈≈E≈ #≈≈≈
##≈~≈≈§
#≈.≈######≈≈~≈#
#≈≈.≈≈≈≈≈≈.~≈#
#≈..≈≈≈≈~~≈#
#≈......~E##
#≈≈..§.○≈##
#≈.~EE○§##
#≈.~~@(§≈#
#≈≈.21§9§.≈≈#
#≈.C..≈....≈≈#
#≈≈....≈≈≈≈.>.≈≈#
≈......≈≈≈≈≈≈...≈
.(....≈≈≈####C≈..
≈≈...≈≈≈≈# ##≈
#≈..≈≈≈≈##


You could see 2 titans, an Ice Fiend (ally target), an elemental wellspring, a
nargun, 2 water elementals and a friendly cacodemon (summoned).

Vanquished Creatures
  Asmodeus (Geh:7)
  the Serpent of Hell (Geh:7)
  6 dread liches
  4 ancient liches
  3 orbs of fire (Zot:5)
  Mennas (Vaults:5)
  2 juggernauts
  Sojobo (Depths:2)
  2 shard shrikes (Coc:5)
  5 Killer Klowns (Zot:5)
  Geryon (Hell)
  4 caustic shrikes
  6 golden dragons
  3 bone dragons
  10 Brimstone Fiends
  2 electric golems (Zot:5)
  10 hellephants
  12 tentacled monstrosities
  2 walking crystal tomes (Depths:2)
  3 Ice Fiends
  Mlioglotl (Snake:1)
  25 Orb Guardians (Zot:5)
  Rupert (D:12)
  2 liches
  A tainted leviathan (Hell)
  A walking earthen tome (Depths:3)
  25 searing wretches
  A walking divine tome (Depths:2)
  Asterion (Depths:2)
  A deep elf blademaster (Elf:3)
  10 quicksilver dragons
  7 titans
  7 sphinxes
  2 thorn hunters
  6 death cobs
  4 tentacled starspawn
  14 tengu reavers
  Kirke (Snake:1)
  5 draconian monks
  11 shadow dragons
  Roxanne (Elf:2)
  17 storm dragons
  Donald (Orc:2)
  The ghost of groovy9 the Marksminotaur, an adept MiHu of Hepliaklqana (Snake:2)
  18 fire giants
  6 draconian knights
  6 narguns
  8 nagarajas
  4 draconian scorchers
  An azure jelly (Coc:3)
  8 frost giants
  17 vault wardens
  Aizul (Swamp:3)
  22 balrugs
  3 ghost moths
  Louise (Swamp:4)
  3 iron dragons
  A deep elf sorcerer (Elf:1)
  4 orc warlords
  The ghost of Ciageutz the Thaumaturge, a journeyman GnHW of Sif Muna (Snake:2)
  A deep elf elementalist (Elf:3)
  4 imperial myrmidons (Desolation)
  2 angels (Abyss:2)
  A draconian stormcaller (Zot:5)
  3 shard shrike simulacra
  The ghost of themarg the Devastator, a journeyman TeCj of Vehumet (Snake:2)
  22 ironbound preservers
  4 draconian shifters
  A cacodemon (Hell)
  3 draconian annihilators
  A ghoul (Abyss:2)
  3 reapers
  3 spriggan defenders
  39 very ugly things
  12 ironbound thunderhulks
  25 stone giants
  3 vampire knights (Depths:2)
  6 war gargoyles
  5 deep elf demonologists
  3 eleionomae (Swamp:4)
  6 black draconians
  5 putrid mouths
  Nessos (Orc:2)
  4 entropy weavers
  8 yellow draconians
  5 green draconians
  8 wendigos
  7 spark wasps
  A minotaur (shapeshifter) (Vaults:5)
  9 white draconians
  14 elemental wellsprings
  5 deep elf annihilators
  13 dire elephants
  Azrael (D:15)
  A minotaur (Gauntlet)
  5 bunyips
  14 purple draconians
  An iron golem (Depths:1)
  2 eidola (Abyss:2)
  10 red draconians
  3 crystal guardians
  11 deep elf death magi
  Snorg (Orc:2)
  2 blizzard demons
  An ettin (shapeshifter) (Vaults:5)
  A merfolk impaler (Depths:1)
  12 yaktaur captains
  Josephine (D:12)
  3 jiangshi (Depths:4)
  10 fire dragons
  2 green deaths
  14 ettins
  5 ragged hierophants (Desolation)
  11 great orbs of eyes
  4 servants of whispers (Desolation)
  22 hydras
  3 rakshasas
  7 deep elf high priests
  5 boulder beetles
  3 caustic shrike simulacra
  34 vault guards
  2 juggernaut simulacra
  10 peacekeepers
  3 spriggan air magi
  19 centaur warriors
  A ghost crab (Swamp:4)
  7 ice dragons
  8 stokers
  4 ogre magi
  2 catoblepae
  11 salamander tyrants
  10 ironbound frosthearts
  14 naga warriors
  A satyr (Abyss:4)
  8 two-headed ogres
  7 anacondas
  7 dancing weapons
  14 alligators
  61 hell hogs
  3 death knights
  6 deep troll shamans
  3 deep troll earth magi
  11 death yaks
  9 spriggan berserkers
  A vampire mage (Depths:4)
  An orc high priest (Elf:3)
  6 shock serpents
  12 tengu warriors
  11 naga sharpshooters
  Urug (D:12)
  5 thrashing horrors
  11 sun demons
  16 hell knights
  4 wretched stars
  5 soul eaters
  5 deep elf knights
  8 iron trolls
  2 sixfirhies
  2 skeletal warriors
  6 goliath frogs
  12 large abominations
  8 sea snakes
  A death drake (shapeshifter) (Vaults:4)
  5 glowing orange brains
  2 salamander mystics
  A golden dragon zombie (Hell)
  70 deep trolls
  4 naga ritualists
  2 orange crystal statues (Zot:5)
  2 spriggan druids
  4 spriggan simulacra
  13 swamp dragons
  6 deep elf archers
  3 phantasmal warriors
  2 bog bodies
  2 flayed ghosts (Abyss:4)
  8 harpies
  9 necromancers
  23 ironbound convokers
  10 lindwurms
  14 orc knights
  15 deep elf pyromancers
  10 salamanders
  8 wizards
  13 deep elf zephyrmancers
  9 mana vipers
  A sphinx zombie (Vaults:4)
  41 ugly things
  A tengu skeleton (Vaults:4)
  2 orc sorcerers (Orc:2)
  2 worldbinders
  9 elephants
  A manticore (Lair:2)
  A moth of wrath (shapeshifter) (Vaults:5)
  A cyclops (D:13)
  A will-o-the-wisp (Swamp:3)
  A black mamba (shapeshifter) (Vaults:4)
  A sphinx skeleton (Vaults:4)
  Maurice (Orc:2)
  11 moths of wrath
  41 black mambas
  3 apocalypse crabs
  2 molten gargoyles (Desolation)
  Joseph (D:10)
  16 naga magi
  11 guardian serpents
  7 rust devils
  7 smoke demons
  2 water nymphs (Swamp:4)
  20 vault sentinels
  A dire elephant zombie (Hell)
  A water nymph (shapeshifter) (Vaults:4)
  A dire elephant skeleton (Hell)
  2 cane toads (shapeshifter)
  4 titan simulacra
  Maggie (D:10)
  9 cane toads
  2 gargoyles
  8 hellions
  2 kobold demonologists (D:10)
  6 freezing wraiths
  A hellwing (Depths:1)
  4 tormentors
  3 ice devils
  4 anaconda simulacra
  9 komodo dragons
  2 rime drakes
  3 efreet
  24 yaktaurs
  2 ancient zymes
  6 tengu conjurers
  2 iron giant simulacra
  A queen bee (Lair:2)
  2 polar bears
  A harpy zombie (Hell)
  A wolf spider simulacrum (D:15)
  16 hornets
  7 trolls
  39 saltlings (Desolation)
  6 tyrant leeches
  A hornet (shapeshifter) (D:10)
  32 dream sheep
  Prince Ribbit (D:5)
  A blink frog (Lair:3)
  An iron dragon simulacrum (Hell)
  9 raiju
  2 shadow dragon simulacra
  2 stone giant simulacra
  24 slime creatures
  3 centaur simulacra
  5 air elementals
  18 starcursed masses
  2 ynoxinuls (Abyss:2)
  4 flying skulls (Abyss:2)
  A culicivora (shapeshifter) (D:14)
  3 fire elementals
  2 jumping spiders
  11 wraiths
  9 wyverns
  A dire elephant simulacrum (Coc:4)
  An ettin skeleton (Vaults:4)
  12 spriggans
  5 water elementals
  A hog (Snake:1)
  A fire bat (shapeshifter) (Depths:3)
  8 fire bats (Swamp:4)
  23 yaks
  An unseen horror simulacrum (D:10)
  10 steam dragons
  3 elf skeletons
  2 basilisks (Lair:2)
  3 chaos spawn
  2 redbacks (Vaults:4)
  2 alligator snapping turtle simulacra
  19 vampire mosquitoes
  A warg (Orc:1)
  Grum (D:10)
  12 harpy simulacra
  A glowing shapeshifter zombie (Vaults:3)
  40 nagas
  A swamp worm (shapeshifter) (Vaults:3)
  13 swamp worms
  20 water moccasins
  5 acid dragons
  2 hydra simulacra
  9 hell hounds
  3 floating eyes
  4 ice beasts
  63 orc warriors
  11 swamp drakes
  14 ogres
  2 sky beasts
  3 ettin simulacra
  A fire dragon simulacrum (Hell)
  An ogre (shapeshifter) (Vaults:5)
  6 black bears
  16 wolves
  A boggart (Vaults:2)
  29 centaurs
  8 small abominations
  A kobold brigand (D:7)
  A human zombie (Vaults:3)
  3 earth elementals (Elf:2)
  3 naga simulacra
  15 bullfrogs
  2 gnoll sergeants
  7 necrophages
  3 scorpions
  5 wights
  A human skeleton (Vaults:5)
  30 killer bees
  A swamp dragon simulacrum (Coc:2)
  7 electric eels
  3 howler monkeys
  17 jellies
  6 hounds
  17 orc priests
  2 gnoll boudas
  An iron imp (Abyss:2)
  Ijyb (D:3)
  6 iguanas
  15 orc wizards
  A hell rat (Lair:2)
  An ogre zombie (D:7)
  2 gnoll zombies (D:7)
  25 gnolls
  2 orc zombies
  7 adders
  6 white imps
  8 ufetubi
  A worm (D:3)
  2 dart slugs
  75 orcs
  6 ball pythons
  5 bats
  4 endoplasms
  12 giant cockroaches
  12 goblins
  10 hobgoblins
  9 jackals
  3 quokkas
  8 frilled lizards
  11 kobolds
  5 rats
  A briar patch (Swamp:3)
  2 creeping infernos
  16 fire vortices
  2 lurking horrors
  2 pillars of salt (Desolation)
  8 starspawn tentacles
2558 creatures vanquished.

Vanquished Creatures (collateral kills)
  Mara (Snake:3)
  A juggernaut (Depths:3)
  2 Brimstone Fiends (Geh:7)
  Jorgrun (D:15)
  A titan (Coc:5)
  A shadow dragon (Depths:3)
  A frost giant (Depths:3)
  2 fire giants (Geh:7)
  An imperial myrmidon (Desolation)
  2 balrugs (Geh:7)
  3 elemental wellsprings (Coc:5)
  A salamander tyrant (Geh:7)
  An anaconda (Snake:3)
  A stoker (Geh:7)
  A shock serpent (Snake:3)
  A naga sharpshooter (Snake:3)
  A spriggan simulacrum (Coc:5)
  An orc knight (Orc:2)
  2 hellions
  A saltling (Desolation)
  A fire elemental (D:15)
  A warg (Orc:2)
  3 orc warriors
  3 gnolls (D:7)
  2 orcs
  A goblin (Bailey)
37 creatures vanquished.

Vanquished Creatures (others)
  An Ice Fiend (Coc:4)
  2 fire giants
  A draconian knight (Zot:3)
  A shard shrike simulacrum (Coc:3)
  An elemental wellspring (Coc:4)
  A deep elf annihilator (Elf:3)
  A wendigo (Coc:4)
  A ragged hierophant (Desolation)
  3 caustic shrike simulacra
  3 juggernaut simulacra (Coc:4)
  2 hell hogs (Hell)
  A quicksilver dragon simulacrum (Coc:4)
  A spriggan simulacrum (Coc:2)
  2 wizards
  A deep elf pyromancer (D:14)
  A rime drake (Lair:2)
  2 iron giant simulacra
  A bunyip simulacrum (Coc:2)
  A golden dragon simulacrum (Hell)
  A tormentor (Coc:2)
  3 bloated husks
  An iron dragon simulacrum (Coc:2)
  A stone giant simulacrum (Coc:2)
  2 nagas
  A harpy simulacrum (Coc:3)
  An ettin simulacrum (Coc:3)
  2 killer bees (Lair:2)
  A howler monkey (D:13)
  A starcursed mass (Abyss:4)
  A boggart simulacrum (D:14)
  A white imp (D:10)
  4 creeping infernos
  2 fire vortices
  4 foxfires (Swamp:3)
  57 fungi
  A pillar of salt (Desolation)
  117 plants
  4 starspawn tentacles
  A withered plant (Desolation)
233 creatures vanquished.

Grand Total: 2828 creatures vanquished

Notes
Turn   | Place    | Note
-------+----------+-------------------------------------------
     0 | D:1      | RogueRain17 the Demonspawn Gladiator began the quest for
                  | the Orb.
     0 | D:1      | Reached XP level 1. HP: 16/16 MP: 1/1
   170 | D:1      | Gained mutation: You have a small tail. [demonic ancestry]
   170 | D:1      | Reached XP level 2. HP: 20/22 MP: 2/2
   392 | D:1      | Found a faded altar of an unknown god.
  1317 | D:2      | Found a shimmering blue altar of Sif Muna.
  1596 | D:2      | Gained mutation: A meltable shield of frost defends you.
                  | (SH +4) [demonic ancestry]
  1596 | D:2      | Reached XP level 3. HP: 27/27 MP: 3/3
  2090 | D:3      | Noticed Ijyb
  2114 | D:3      | Killed Ijyb
  2439 | D:3      | Found a burning altar of Makhleb.
  2509 | D:3      | Reached XP level 4. HP: 31/33 MP: 4/4
  2951 | D:3      | Found a broken altar of Ashenzari.
  3001 | D:3      | You fall into a shaft and drop 3 floors!
  3094 | D:6      | Noticed a sky beast
  3112 | D:6      | Killed a sky beast
  3113 | D:6      | Gained mutation: You are partially covered in rugged brown
                  | scales. (AC +1, +3% HP) [demonic ancestry]
  3113 | D:6      | Reached XP level 5. HP: 25/40 MP: 5/5
  3311 | D:6      | Noticed a water moccasin
  3345 | D:6      | Killed a water moccasin
  3346 | D:6      | Reached skill level 5 in Axes
  3346 | D:6      | Gained mutation: A meltable icy envelope protects you from
                  | harm. (AC +8) [demonic ancestry]
  3346 | D:6      | Reached XP level 6. HP: 8/47 MP: 6/6
  3702 | D:6      | Found an opulent altar of Gozag.
  3740 | D:6      | Gained mutation: You have a tail ending in a sharp stinger.
                  | [demonic ancestry]
  3740 | D:6      | Reached XP level 7. HP: 52/52 MP: 7/7
  4241 | D:5      | Entered Level 5 of the Dungeon
  4339 | D:5      | Noticed Prince Ribbit
  4358 | D:5      | Killed Prince Ribbit
  4359 | D:5      | Reached skill level 5 in Dodging
  4359 | D:5      | Reached XP level 8. HP: 53/58 MP: 8/8
  5080 | D:5      | Found a staircase to the Ecumenical Temple.
  5205 | Temple   | Entered the Ecumenical Temple
  5688 | D:4      | Found a sparkling altar of Nemelex Xobeh.
  5748 | D:4      | Found a glowing drain.
  5752 | Sewer    | Entered a sewer
  5975 | Sewer    | Reached XP level 9. HP: 34/63 MP: 9/9
  7698 | D:7      | Found a transporter.
  7827 | D:7      | Reached skill level 10 in Axes
  8196 | D:7      | Noticed a gargoyle
  8196 | D:7      | Found the +6 shillelagh "Devastator" {shatter}
  8214 | D:7      | Killed a gargoyle
  8222 | D:7      | Noticed a two-headed ogre
  8291 | D:7      | Found a transporter.
  8329 | D:7      | Found a hide-covered altar of Uskayaw.
  8512 | D:7      | Killed a two-headed ogre
  8513 | D:7      | Reached XP level 10. HP: 70/70 MP: 10/10
  9399 | D:3      | Became a worshipper of Makhleb the Destroyer
  9804 | D:8      | Reached skill level 1 in Invocations
 10546 | D:9      | Found an iron altar of Okawaru.
 10846 | D:9      | Found a shadowy altar of Dithmenos.
 10846 | D:9      | Found a blossoming altar of Fedhas.
 11154 | D:10     | Entered Level 10 of the Dungeon
 11154 | D:10     | Found a flagged portal.
 11161 | Bailey   | Entered a bailey
 11337 | Bailey   | Reached skill level 5 in Invocations
 11353 | Bailey   | Reached * piety under Makhleb
 11847 | Bailey   | Noticed an orc warlord
 11854 | Bailey   | Killed an orc warlord
 11855 | Bailey   | Reached XP level 11. HP: 76/76 MP: 15/15
 12153 | Bailey   | Identified the +8 mace of Arrival {drain, rElec rPois
                  | Stlth+} (You took it off an orc warrior in a bailey)
 12197 | Bailey   | Acquired the amulet "Neuser" {Reflect -Cast rC+++ rN+ Str+4
                  | SH+5}
 12578 | D:10     | Noticed Grum
 12591 | D:10     | Killed Grum
 12872 | D:10     | Acquired 600 gold pieces
 13024 | D:10     | Noticed Maggie
 13025 | D:10     | Reached ** piety under Makhleb
 13037 | D:10     | Killed Maggie
 13177 | D:10     | Found an ancient bone altar of Kikubaaqudgha.
 13245 | D:10     | Noticed Joseph
 13258 | D:10     | Killed Joseph
 13543 | D:10     | Noticed a two-headed ogre
 13550 | D:10     | Killed a two-headed ogre
 13551 | D:10     | Reached skill level 1 in Armour
 13707 | D:10     | Found a radiant altar of Vehumet.
 13738 | D:10     | Found a snail-covered altar of Cheibriados.
 13841 | D:10     | Found a sacrificial altar of Ru.
 14019 | D:11     | Noticed a +0 spear
 14019 | D:11     | Noticed a +0 falchion
 14019 | D:11     | Noticed a +0 dagger
 14019 | D:11     | Noticed a +0 dagger
 14019 | D:11     | Noticed a +0 short sword
 14019 | D:11     | Noticed a +0 falchion
 14019 | D:11     | Noticed a +0 short sword
 14019 | D:11     | Noticed a +0 spear
 14019 | D:11     | Found a hide-covered altar of Uskayaw.
 14164 | D:11     | Noticed a boulder beetle
 14184 | D:11     | Killed a boulder beetle
 14442 | D:11     | Noticed a seven-headed hydra
 14721 | D:11     | Found a staircase to the Lair.
 14847 | Lair:1   | Entered Level 1 of the Lair of Beasts
 14900 | Lair:1   | Gained mutation: You are partially covered in sharp spines.
                  | [demonic ancestry]
 14900 | Lair:1   | Reached XP level 12. HP: 77/82 MP: 18/18
 15867 | Lair:2   | Noticed a catoblepas
 15906 | Lair:2   | Found a staircase to the Snake Pit.
 16569 | Lair:2   | Reached *** piety under Makhleb
 16570 | Lair:2   | Reached skill level 15 in Axes
 16584 | Lair:2   | Identified the ring of Wuzonlyc {EV+4 Str+2 Dex-3 Stlth+}
 16691 | Lair:2   | Reached skill level 10 in Invocations
 17122 | Lair:2   | Reached skill level 5 in Armour
 17278 | Lair:2   | Found a staircase to the Swamp.
 17362 | Lair:2   | Killed a catoblepas
 17420 | Lair:2   | Reached **** piety under Makhleb
 18328 | Lair:3   | Noticed a four-headed hydra
 18329 | Lair:3   | Noticed a seven-headed hydra
 18479 | Lair:3   | Reached XP level 13. HP: 87/87 MP: 20/20
 18545 | Lair:3   | Reached skill level 5 in Throwing
 19256 | Lair:4   | Reached skill level 5 in Fighting
 19433 | Lair:4   | Reached ***** piety under Makhleb
 19837 | Lair:4   | Identified the +3 short sword "Cecvo" {flame, Int+3}
 20347 | Lair:5   | Entered Level 5 of the Lair of Beasts
 20570 | Lair:5   | Reached XP level 14. HP: 106/106 MP: 21/21
 21160 | Lair:5   | Found a staircase to the Slime Pits.
 22019 | D:11     | Identified the +6 arbalest of Bealecs {flame, Int+2}
 22270 | D:12     | Identified the +0 scale mail of the Tick {Str+4}
 22344 | D:12     | Found Buodual's Weapon Boutique.
 22346 | D:12     | Found a staircase to the Orcish Mines.
 22353 | D:12     | Noticed Rupert
 22355 | D:12     | Paralysed by Rupert for 4 turns
 22362 | D:12     | Killed Rupert
 22417 | D:12     | Acquired a manual of Invocations
 22734 | D:12     | Noticed Josephine
 22744 | D:12     | Killed Josephine
 23037 | Orc:1    | Entered Level 1 of the Orcish Mines
 23455 | Orc:2    | Entered Level 2 of the Orcish Mines
 23632 | Orc:2    | Found a staircase to the Elven Halls.
 24057 | Orc:2    | Noticed Nessos
 24060 | Orc:2    | Killed Nessos
 24340 | Orc:2    | Noticed Donald
 24355 | Orc:2    | Killed Donald
 24356 | Orc:2    | Reached skill level 15 in Invocations
 24478 | Orc:2    | Noticed Maurice
 24482 | Orc:2    | Killed Maurice
 24644 | Orc:2    | Noticed Snorg
 24655 | Orc:2    | HP: 4/111 [Snorg (7)]
 24659 | Orc:2    | Killed Snorg
 24988 | Orc:2    | Found Ikhap's Distillery.
 24988 | Orc:2    | Found Ydghix's Weapon Boutique.
 24990 | Orc:2    | Found Zoejuq's Antique Weapon Shop.
 24992 | Orc:2    | Found Jaclag's Assorted Antiques.
 25004 | Orc:2    | Bought a scroll of enchant weapon for 225 gold pieces
 25384 | D:12     | Noticed Urug
 25392 | D:12     | Killed Urug
 25393 | D:12     | Gained mutation: A meltable icy envelope protects you from
                  | harm. (AC +8) [demonic ancestry]
 25393 | D:12     | Reached XP level 15. HP: 117/117 MP: 26/26
 26414 | D:13     | Found a gate to the Vaults.
 26422 | D:13     | Found a shimmering altar of Xom.
 26687 | D:14     | Reached skill level 10 in Fighting
 26740 | D:14     | Reached skill level 10 in Throwing
 27022 | D:14     | Found a gate leading to a gauntlet.
 27031 | Gauntlet | Entered a Gauntlet
 27031 | Gauntlet | Found a transporter.
 27031 | Gauntlet | Found a transporter.
 27113 | Gauntlet | Found a transporter.
 27117 | Gauntlet | Found a transporter.
 27125 | Gauntlet | Found a transporter.
 27129 | Gauntlet | Found a transporter.
 27137 | Gauntlet | Found a transporter.
 27154 | Gauntlet | Found a transporter.
 27171 | Gauntlet | Found a transporter.
 27172 | Gauntlet | Found a transporter.
 27183 | Gauntlet | Found a transporter.
 27184 | Gauntlet | Found a transporter.
 27231 | Gauntlet | Reached ****** piety under Makhleb
 28427 | D:15     | Entered Level 15 of the Dungeon
 28780 | D:15     | Found an ornate altar of the Wu Jian Council.
 28975 | D:15     | Noticed Jorgrun
 28985 | D:15     | Killed Jorgrun
 29292 | D:15     | Found a staircase to the Depths.
 29528 | D:15     | Noticed Azrael
 29988 | Snake:1  | Entered Level 1 of the Snake Pit
 30117 | Snake:1  | Gained mutation: You have a sharp stinger which inflicts
                  | weakening toxins. [demonic ancestry]
 30117 | Snake:1  | Reached XP level 16. HP: 116/125 MP: 30/30
 30244 | Snake:1  | Noticed Mlioglotl
 30250 | Snake:1  | Killed Mlioglotl
 30413 | Snake:1  | Acquired a manual of Invocations
 30415 | Snake:1  | Acquired the +2 kite shield of the Louse {rPois rF+ Str+3
                  | SInv}
 30506 | Snake:1  | Noticed Kirke
 30756 | Snake:1  | Reached skill level 1 in Shields
 30838 | Snake:1  | Killed Kirke
 31318 | Snake:2  | Identified the +3 kite shield of the Sky {Harm +Blink}
 31608 | Snake:2  | Found Motoreca's Armour Boutique.
 31622 | Snake:2  | Found Nihof's Distillery.
 31760 | Snake:2  | Reached skill level 5 in Shields
 32375 | Snake:2  | Found a runed translucent gate.
 32375 | Snake:2  | Found a runed translucent gate.
 32375 | Snake:2  | Found a runed translucent gate.
 32404 | Snake:2  | Noticed themarg's ghost (journeyman TeCj)
 32404 | Snake:2  | Noticed groovy9's ghost (adept MiHu)
 32404 | Snake:2  | Noticed Ciageutz's ghost (journeyman GnHW)
 33521 | Snake:3  | Found Ixotyzeg's Assorted Antiques.
 33529 | Snake:3  | Bought a pair of glimmering boots for 342 gold pieces
 33529 | Snake:3  | Identified the +2 pair of boots "Fonwuq" {SInv} (You bought
                  | it in a shop on level 3 of the Snake Pit)
 33547 | Snake:3  | Bought a pair of translucent gloves for 342 gold pieces
 33547 | Snake:3  | Identified the +2 pair of gloves of Whack-A-Mole {Harm
                  | +Blink Str-5} (You bought it in a shop on level 3 of the
                  | Snake Pit)
 33985 | Snake:3  | Noticed Mara
 34429 | Snake:3  | Noticed RogueRain17's illusion
 34668 | Snake:3  | Killed Mara
 34669 | Snake:3  | Reached XP level 17. HP: 87/131 MP: 31/31
 35115 | Snake:4  | Entered Level 4 of the Snake Pit
 35940 | Snake:4  | Reached skill level 10 in Shields
 36827 | Snake:4  | Found Onudapiz's Book Emporium.
 36829 | Snake:4  | Found Otany's Jewellery Boutique.
 36830 | Snake:4  | Found Coqunne's Book Emporium.
 36843 | Snake:4  | Bought a manual of Fighting for 1200 gold pieces
 38358 | Snake:4  | Got a serpentine rune of Zot
 38556 | Swamp:1  | Entered Level 1 of the Swamp
 39961 | Swamp:3  | Noticed Aizul
 40486 | Swamp:3  | Reached XP level 18. HP: 144/148 MP: 33/33
 40611 | Swamp:3  | Killed Aizul
 40833 | Swamp:4  | Entered Level 4 of the Swamp
 41236 | Swamp:4  | Noticed Louise
 41242 | Swamp:4  | Killed Louise
 41287 | Swamp:4  | Reached skill level 15 in Fighting
 41840 | Swamp:4  | Got a decaying rune of Zot
 42169 | D:15     | Killed Azrael
 42686 | Vaults:1 | Entered Level 1 of the Vaults
 42792 | Vaults:1 | Reached skill level 10 in Armour
 44237 | Vaults:2 | Reached skill level 10 in Dodging
 44251 | Vaults:2 | Gained mutation: You are mostly covered in sharp spines.
                  | [demonic ancestry]
 44251 | Vaults:2 | Reached XP level 19. HP: 118/161 MP: 35/35
 44786 | Vaults:2 | Acquired a +0 crystal plate armour
 44904 | Vaults:2 | Found Iresetha's Armour Boutique.
 46500 | Vaults:3 | Found a staircase to the Crypt.
 46500 | Vaults:3 | Found a basalt altar of Yredelemnul.
 46501 | Vaults:3 | Found an ancient bone altar of Kikubaaqudgha.
 46663 | Vaults:3 | Gained mutation: You are completely covered in sharp
                  | spines. [demonic ancestry]
 46663 | Vaults:3 | Reached XP level 20. HP: 141/168 MP: 36/36
 49036 | Depths:1 | Entered Level 1 of the Depths
 49161 | Depths:1 | Identified the +4 war axe "Mew Ximn" {vorpal, Dex+3}
 49506 | Depths:1 | Found a gateway to Hell.
 49948 | Depths:1 | Found a one-way gate leading to the halls of Pandemonium.
 49989 | Depths:1 | Gained mutation: You are mostly covered in rugged brown
                  | scales. (AC +2, +5% HP) [demonic ancestry]
 49989 | Depths:1 | Reached XP level 21. HP: 165/179 MP: 23/37
 50310 | Depths:1 | Identified the +3 long sword "Acke" {vorpal, rCorr Int+2}
 50729 | Depths:2 | Found a one-way gateway to a ziggurat.
 50883 | Depths:2 | Noticed Asterion
 50898 | Depths:2 | Killed Asterion
 50960 | Depths:2 | Found a transporter.
 51111 | Depths:2 | Identified the ring of Liqafa {rF+ MP+9 Int+6}
 51114 | Depths:2 | Acquired the +2 pair of boots "Soubb" {Will+}
 51327 | Depths:2 | Noticed Sojobo
 51338 | Depths:2 | Killed Sojobo
 51351 | Depths:2 | Identified the ring "Dilefant" {rN++ rCorr Str-4 Int+6}
 51490 | Depths:2 | Found a transporter.
 51677 | Depths:2 | Identified the ring "Heuchog" {Will+ Str+6 Int+3}
 52092 | Depths:2 | Found Ysunoo's Distillery.
 52135 | Depths:2 | Noticed a caustic shrike
 52142 | Depths:2 | Killed a caustic shrike
 52575 | Depths:2 | Found Nuid's Jewellery Emporium.
 52591 | Depths:2 | Bought the ring "Duemowk" {rPois rF+ Dex+4} for 720 gold
                  | pieces
 53518 | Depths:3 | Found a one-way gate to the infinite horrors of the Abyss.
 53899 | Depths:3 | Identified the amulet "Qiuh" {Acrobat rC+}
 53991 | Depths:3 | Noticed a juggernaut
 54003 | Depths:3 | Killed a juggernaut
 54004 | Depths:3 | Gained mutation: You are completely covered in rugged brown
                  | scales. (AC +3, +7% HP) [demonic ancestry]
 54004 | Depths:3 | Reached XP level 22. HP: 140/190 MP: 38/38
 54652 | Depths:4 | Entered Level 4 of the Depths
 55371 | Depths:4 | HP: 8/190 [black draconian knight/bolt of lightning (20)]
 56263 | Depths:4 | Found a gate to the Realm of Zot.
 56380 | Depths:4 | Found a broken altar of Ashenzari.
 56382 | Depths:4 | Noticed a caustic shrike
 56383 | Depths:4 | Noticed a caustic shrike
 56384 | Depths:4 | Noticed a caustic shrike
 56744 | Depths:4 | Killed a caustic shrike
 56744 | Depths:4 | Killed a caustic shrike
 56748 | Depths:4 | Killed a caustic shrike
 56953 | Depths:4 | Paralysed by a floating eye for 4 turns
 56987 | Depths:4 | Noticed a juggernaut
 57005 | Depths:4 | Killed a juggernaut
 57519 | Orc:2    | Bought a scroll of enchant armour for 225 gold pieces
 57550 | Elf:1    | Entered Level 1 of the Elven Halls
 57550 | Elf:1    | Found a runed translucent gate.
 57550 | Elf:1    | Found a runed translucent gate.
 57550 | Elf:1    | Found a runed translucent gate.
 57550 | Elf:1    | Found a runed translucent gate.
 57550 | Elf:1    | Found a runed translucent gate.
 57550 | Elf:1    | Found a runed translucent gate.
 57551 | Elf:1    | Found a runed translucent door.
 57556 | Elf:1    | Found a runed translucent door.
 57624 | Elf:1    | Identified the +8 longbow "Ulaeng" {freeze, +Blink Dex+4}
 57911 | Elf:1    | You fall into a shaft and drop 1 floor!
 57911 | Elf:2    | Found Lafahaodd's Book Shop.
 57931 | Elf:2    | Found Mentoad's Book Boutique.
 57937 | Elf:2    | Paralysed by an air elemental for 1 turns
 57940 | Elf:2    | Paralysed by an air elemental for 1 turns
 57956 | Elf:2    | Found a crumbling gateway.
 58054 | Desolati | Entered the Desolation of Salt
 58075 | Desolati | Found the +5 glaive of the Guard {elec, spectral, AC+5}
 58149 | Desolati | Found the +2 hood of the Assassin {Detection Stab+ Stlth++}
 58168 | Desolati | Identified the +4 falchion of Laceration {drain, Str+4}
 58566 | Desolati | Identified the +1 leather armour of the Vestibule of Hell
                  | {rC+ Str+3}
 58567 | Desolati | Identified the +2 scale mail "Peisichos" {Dex+4}
 58570 | Desolati | Identified the ring "Kyecawk" {rPois rF- Int+6 Stlth+}
 58634 | Desolati | Gained mutation: You are robust. (+10% HP) [demonic
                  | ancestry]
 58634 | Desolati | Reached XP level 23. HP: 190/215 MP: 35/39
 58772 | Desolati | Found the +8 orange crystal plate armour {Archmagi, Int+3
                  | Clar}
 58789 | Desolati | Identified the ring "Jaireizu" {Wiz rElec}
 58871 | Desolati | Got Elessivu's Commentary on the Mutagenic Legion
 59100 | Elf:2    | Noticed Roxanne
 59121 | Elf:2    | Killed Roxanne
 59220 | Elf:2    | Found Cim Qipo's Jewellery Boutique.
 59302 | Elf:2    | Paralysed by an air elemental for 1 turns
 59477 | Elf:2    | Found a runed translucent gate.
 59477 | Elf:2    | Found a runed translucent gate.
 59477 | Elf:2    | Found a runed translucent gate.
 59577 | Elf:3    | Entered Level 3 of the Elven Halls
 60182 | Elf:2    | Bought the amulet "Ahokaj" {RegenMP rElec Regen+ Slay+3}
                  | for 679 gold pieces
 60302 | Elf:1    | Found a shimmering blue altar of Sif Muna.
 60347 | Elf:1    | Paralysed by an air elemental for 1 turns
 60648 | Depths:2 | Bought a ring of protection from cold for 425 gold pieces
 60904 | Vaults:5 | Entered Level 5 of the Vaults
 60909 | Abyss:2  | Cast into level 2 of the Abyss (vault guard)
 61254 | Abyss:2  | Paralysed by you for 3 turns
 61450 | Vaults:5 | Escaped the Abyss
 62130 | Vaults:4 | Reached skill level 15 in Armour
 62237 | Vaults:5 | Noticed an ancient lich
 62697 | Vaults:4 | Gained mutation: You are very robust. (+20% HP) [demonic
                  | ancestry]
 62697 | Vaults:4 | Reached XP level 24. HP: 215/242 MP: 0/39
 62939 | Vaults:5 | Noticed a dread lich
 62991 | Vaults:4 | Killed an ancient lich
 63162 | Vaults:4 | Killed a dread lich
 63397 | Vaults:5 | Identified the +0 chain mail "Zimahack" {rN+ Str+2}
 63406 | Vaults:5 | Identified the +5 plate armour "Dosaomaome" {rPois rC+}
 63571 | Vaults:5 | Noticed a dread lich
 63577 | Vaults:5 | Killed a dread lich
 63581 | Vaults:5 | Noticed an ancient lich
 63593 | Vaults:5 | Killed an ancient lich
 63699 | Vaults:5 | Got a silver rune of Zot
 63710 | Vaults:5 | Identified the +0 ring mail of Mumblety Peg {rN+ Int+2
                  | Dex+4 Stlth+}
 63786 | Vaults:5 | Noticed a dread lich
 63801 | Vaults:5 | Killed a dread lich
 64102 | Vaults:5 | Identified the +2 glaive of Orel {holy, Contam rC++ Int+8
                  | Stlth-}
 64119 | Vaults:5 | Identified the +10 plate armour "Tulef" {Harm rF+ Int+3
                  | Slay+2}
 64484 | Vaults:5 | Noticed Mennas
 64493 | Vaults:5 | Killed Mennas
 65091 | Zot:1    | Entered Level 1 of the Realm of Zot
 65774 | Zot:1    | Reached skill level 27 in Axes
 67243 | Zot:3    | Identified the +5 chain mail "Bibro" {Harm Will+ Int-3}
 68128 | Zot:4    | Reached XP level 25. HP: 256/256 MP: 34/39
 69352 | Zot:5    | Entered Level 5 of the Realm of Zot
 69540 | Zot:5    | Noticed a Killer Klown
 69567 | Zot:5    | Killed a Killer Klown
 69741 | Zot:5    | Identified the +7 sling of the Elven Halls {vorpal, SInv}
 69745 | Zot:5    | Got Poanih's Directory of Blows and Bruises
 70199 | Zot:5    | Noticed an ancient lich
 70203 | Zot:5    | Noticed an orb of fire
 70204 | Zot:5    | Noticed a Killer Klown
 70208 | Zot:5    | Killed an ancient lich
 70230 | Zot:5    | Gained mutation: You occasionally lose the ability to drink
                  | potions when taking damage. [an orb of fire]
 70232 | Zot:5    | Gained mutation: Your magical capacity is low. (-10% MP)
                  | [an orb of fire]
 70238 | Zot:5    | Killed an orb of fire
 70428 | Zot:4    | Lost mutation: Your magical capacity is low. (-10% MP)
                  | [potion of mutation]
 70428 | Zot:4    | Lost mutation: You occasionally lose the ability to drink
                  | potions when taking damage. [potion of mutation]
 70428 | Zot:4    | Gained mutation: You have hidden genetic potential. [potion
                  | of mutation]
 70428 | Zot:4    | Gained mutation: Armour fits poorly on your strangely
                  | shaped body. [potion of mutation]
 70428 | Zot:4    | Gained mutation: Your spells are a little easier to cast,
                  | but a little less powerful. [potion of mutation]
 70428 | Zot:4    | Gained mutation: You have large cloven feet. [potion of
                  | mutation]
 70429 | Zot:4    | Lost mutation: Armour fits poorly on your strangely shaped
                  | body. [potion of mutation]
 70429 | Zot:4    | Lost mutation: Your spells are a little easier to cast, but
                  | a little less powerful. [potion of mutation]
 70429 | Zot:4    | Lost mutation: You have hidden genetic potential. [potion
                  | of mutation]
 70429 | Zot:4    | Gained mutation: You passively map a small area around you.
                  | [potion of mutation]
 70429 | Zot:4    | Gained mutation: You have supernaturally acute eyesight.
                  | (SInv) [potion of mutation]
 70461 | Zot:5    | Killed a Killer Klown
 70594 | Zot:5    | Noticed a Killer Klown
 70605 | Zot:5    | Noticed a juggernaut
 70605 | Zot:5    | a Killer Klown changed into a juggernaut
 70617 | Zot:5    | Killed a juggernaut
 70643 | Zot:5    | Noticed a Killer Klown
 70657 | Zot:5    | Killed a Killer Klown
 70722 | Zot:5    | Noticed an orb of fire
 70733 | Zot:5    | Noticed an ancient lich
 70739 | Zot:5    | Gained mutation: Armour fits poorly on your strangely
                  | shaped body. [an orb of fire]
 70739 | Zot:5    | Noticed an ancient lich
 70741 | Zot:5    | Killed an orb of fire
 71122 | Zot:5    | Killed an ancient lich
 71188 | Zot:5    | Noticed a Killer Klown
 71194 | Zot:5    | Killed a Killer Klown
 71308 | Zot:5    | Noticed a Killer Klown
 71314 | Zot:5    | Killed a Killer Klown
 71356 | Zot:5    | Noticed an orb of fire
 71356 | Zot:5    | Noticed a dread lich
 71365 | Zot:5    | Killed a dread lich
 71367 | Zot:5    | Noticed a dread lich
 71377 | Zot:5    | Gained mutation: Your body sometimes deteriorates upon
                  | taking damage. [an orb of fire]
 71719 | Zot:4    | Lost mutation: You passively map a small area around you.
                  | [potion of mutation]
 71719 | Zot:4    | Lost mutation: Your body sometimes deteriorates upon taking
                  | damage. [potion of mutation]
 71719 | Zot:4    | Gained mutation: You possess an exceptional clarity of
                  | mind. [potion of mutation]
 71720 | Zot:4    | Lost mutation: You have supernaturally acute eyesight.
                  | (SInv) [potion of mutation]
 71720 | Zot:4    | Lost mutation: You have large cloven feet. [potion of
                  | mutation]
 71720 | Zot:4    | Lost mutation: Armour fits poorly on your strangely shaped
                  | body. [potion of mutation]
 71720 | Zot:4    | Gained mutation: Your natural rate of healing is unusually
                  | fast. [potion of mutation]
 71783 | Zot:5    | Killed an orb of fire
 71891 | Zot:5    | Killed a dread lich
 71892 | Zot:5    | Reached XP level 26. HP: 273/276 MP: 22/40
 72375 | Depths:3 | Voluntarily entered the Abyss.
 72397 | Abyss:2  | Reached skill level 27 in Invocations
 73050 | Depths:3 | Escaped the Abyss
 73138 | Depths:3 | Voluntarily entered the Abyss.
 73329 | Abyss:4  | Paralysed by accursed screaming for 1 turns
 73373 | Abyss:4  | Got an abyssal rune of Zot
 73404 | Depths:3 | Escaped the Abyss
 74136 | Snake:2  | Killed themarg's ghost
 74138 | Snake:2  | Killed groovy9's ghost
 74141 | Snake:2  | Killed Ciageutz's ghost
 74455 | Hell     | Entered the Vestibule of Hell
 74455 | Hell     | Noticed Geryon
 74639 | Hell     | Killed Geryon
 74654 | Hell     | Gained mutation: Your flesh is heat resistant. (rF+) [a
                  | cacodemon]
 75224 | Hell     | Found a gateway to the Iron City of Dis.
 75311 | Hell     | Found a gateway to the ashen valley of Gehenna.
 75483 | Hell     | Found a gateway to the decaying netherworld of Tartarus.
 75654 | Hell     | Found a gateway to the freezing wastes of Cocytus.
 75670 | Hell     | Paralysed by a wendigo for 1 turns
 75798 | Geh:1    | Entered Level 1 of Gehenna
 75826 | Geh:1    | Noticed a dread lich
 75833 | Geh:1    | Killed a dread lich
 76073 | Geh:1    | Reached skill level 15 in Shields
 76699 | Geh:4    | Gained mutation: You are extremely robust. (+30% HP)
                  | [demonic ancestry]
 76699 | Geh:4    | Reached XP level 27. HP: 276/306 MP: 31/40
 77603 | Geh:7    | Entered Level 7 of Gehenna
 78034 | Geh:7    | Noticed the Serpent of Hell
 78045 | Geh:7    | Killed the Serpent of Hell
 78628 | Geh:7    | Identified the ring of Understanding {rC+ rCorr SInv}
 78978 | Geh:7    | Found the +7 sceptre of Asmodeus
 78978 | Geh:7    | Noticed Asmodeus
 79005 | Geh:7    | Killed Asmodeus
 79237 | Geh:7    | Got an obsidian rune of Zot
 79492 | Coc:1    | Entered Level 1 of Cocytus
 79554 | Coc:2    | Paralysed by a wendigo for 1 turns
 80694 | Coc:4    | Paralysed by a wendigo for 1 turns
 80819 | Coc:5    | HP: 15/306 [Ice Fiend/bolt of cold (8)]
 81135 | Coc:6    | HP: 13/306 [??? (5)]
 81143 | Coc:6    | Killed from afar by a titan

Illustrated notes

Levels and vault maps discovered:
D:1:      dpeg_arrival_brainrot, layout_rooms, chequers_ecumenical_altar_island,
          minmay_misc_feat_columns
D:2:      layout_loops_ring, basic_altar, serial_forest,
          infiniplex_forest_lined_room_3, infiniplex_forest_corner_1,
          infiniplex_forest_straight_3, infiniplex_forest_clump_diagonal,
          infiniplex_forest_clump_small, infiniplex_forest_end_2,
          infiniplex_forest_lined_2, infiniplex_forest_clump_small,
          infiniplex_forest_end_3, chequers_serial_rivers_large_b,
          grunt_decor_one_mirror
D:3:      layout_basic, general_overflow_altar,
          mainiacjoe_overflow_divided_tiny, kennysheep_orc_chapel, uniq_ijyb
D:4:      layout_loops_ring, nicolae_overflow_crystal_walls,
          gup_sewer_entry_spiral, minmay_misc_feat_roman,
          minmay_misc_feat_doors, minmay_fractal_squares_5
D:5:      layout_basic, minmay_temple_entry_offerings, mrwooster_statue_mirror,
          uniq_prince_ribbit1
D:6:      layout_gridville, nicolae_gozag_cash_rules_everything_around_me,
          hex_large
D:7:      gammafunk_cloud_chamber, layout_gridville,
          mainiacjoe_overflow_alcove_4, dilly_guarded_unrand_devastator
D:8:      layout_layer_cave, kennysheep_little_box
D:9:      layout_gridville, mainiacjoe_overflow_chevrons, jmf_multi_god_temple
D:10:     layout_small_grid, mainiacjoe_overflow_two_lobes,
          nicolae_ru_path_of_blood, overflow_temple_1_default, enter_bailey_2,
          serial_ice, serial_ice_i, serial_ice_m, serial_ice_e, serial_ice_n,
          serial_ice_c, serial_ice_d, serial_ice_g, uniq_maggie, uniq_grum,
          uniq_joseph
D:11:     layout_gridville, due_lair_maze_entry_diamond,
          nicolae_uskayaw_en_pointe
D:12:     layout_loops_ring, orc_david_3, uniq_urug, uniq_rupert, uniq_josephine
D:13:     layout_cave_pools, erik_vaults_1, xom_confusion_cloud
D:14:     minmay_the_grid_four_pointed_star [minmay_the_grid_triangle_9x9_empty,
          minmay_the_grid_triangle_9x9_from_above,
          minmay_the_grid_triangle_9x9_pentomino_pain,
          minmay_the_grid_triangle_9x9_zippers_horizontal,
          minmay_the_grid_prize_inner_circle], layout_long_grid,
          gauntlet_entry_generic, grunt_ministairs_14
D:15:     grunt_enter_depths_snipers, layout_irregular_city,
          nzn_wu_jian_contemplation, uniq_azrael, uniq_jorgrun
Temple:   nicolae_temple_colour_theory
Lair:1:   layout_regular_city, nicolae_lair_liquid_snakes, grunt_megastairs_2
Lair:2:   regret_index_wax_grids, layout_misc_corridors,
          minmay_swamp_entry_swarm, dummy_snake_entry, minivault_11,
          nicolae_quartered_pool_super, serial_bayou_shore_a
Lair:3:   nzn_winding_woodlands_cross [nzn_winding_woodlands_5x15_twine,
          nzn_winding_woodlands_5x15_longhouse,
          nzn_winding_woodlands_5x15_river_crossing,
          nzn_winding_woodlands_5x15_concentric,
          nzn_winding_woodlands_15x15_thick_spiral], layout_gridlike
Lair:4:   layout_loops_ring
Lair:5:   grunt_lair_end_beastmaster, layout_gridlike,
          minmay_slime_entry_jelly_boxes
Swamp:1:  layout_falls_marsh, evilmike_swamp_ruin_house_1
Swamp:2:  layout_basic_swamp, evilmike_swamp_ruin_house_4, swamp_pool1
Swamp:3:  layout_falls_marsh, evilmike_swamp_ruin_house_5, uniq_aizul
Swamp:4:  swamp_fiery, layout_basic_swamp, nicolae_swamp_nymph_family_reunion,
          uniq_louise
Snake:1:  layout_concentric_octagons, grunt_megastairs_1, uniq_kirke,
          uniq_mlioglotl
Snake:2:  layout_chambers, gammafunk_ghost_cemetery, serial_shops, shop,
          drop_trap, minmay_shop_star, lemuel_fruit_tree
Snake:3:  layout_chambers, serial_shops, nicolae_shop_advertising_works
          [nicolae_subvault_shop_adworks], nicolae_snake_snake_lake,
          grunt_megastairs_5, uniq_mara
Snake:4:  grunt_snake_rune_pools, layout_grid_shapes,
          hangedman_snake_wide_pillar_pass, serial_bayou_shore_b,
          minmay_shop_grove
Orc:1:    layout_diamond_mine, basic_altar
Orc:2:    st_orc_rangers, layout_caves, uniq_maurice, uniq_nessos, uniq_snorg,
          uniq_donald
Elf:1:    nicolae_elf_arrival_dilemma, layout_geoelf_grid, serial_shops,
          nicolae_shop_trees, minmay_elf_demonology, grunt_megastairs_4,
          lemuel_upstairs_altar
Elf:2:    nicolae_elf_blades_splatter_lattice
          [nicolae_blade_entry_sentries_behind_glass], layout_geoelf_octagon,
          serial_shops, nicolae_take_the_stairs,
          portal_desolation_entry_nicolae_slug, minmay_shoptagon, uniq_roxanne
Elf:3:    minmay_elf_hall_curves, layout_rooms, special_room [special_room_orc]
Vaults:1: v_alt_pattern_5, vaults_mumra_hexcomb, nicolae_vaults_network_star,
          hangedman_vaults_cutoff, nicolae_vaults_specimen_jars,
          nicolae_vaults_network_square, nicolae_vaults_little_squares_1,
          ontoclasm_vaults_fault, nicolae_vaults_little_squares_2,
          vaults_mumra_chevron, nicolae_vaults_theta, v_misc_12,
          layout_vaults_omnibox
Vaults:2: nicolae_vaults_triangles, v_rooms_3, v_misc_2, v_misc_29,
          nicolae_vaults_little_squares_6, nicolae_vaults_network_s,
          nicolae_vaults_yaktaur_gun_rack, v_misc_15,
          nicolae_vaults_little_squares_6, layout_vaults_maze_snakey,
          serial_shops, shop
Vaults:3: v_rooms_6, dpeg_vaults_waves, minmay_crypt_entry_necro_gods,
          nicolae_vaults_circle_grid_a, hangedman_vaults_corner_blocks,
          vaults_room_stairs_pillars, v_misc_25, dpeg_vaults_monster_box,
          vaults_dpeg_hooks, ontoclasm_vaults_twist, nicolae_vaults_gold_heap,
          v_misc_31, layout_vaults_omnicross
Vaults:4: v_misc_2, hangedman_vaults_nails, nicolae_vaults_rhombus_5, v_misc_4,
          vaults_room_grunt_arrival_ludios, nicolae_vaults_big_ls,
          nicolae_vaults_octagons, vaults_dpeg_encased_lava,
          nicolae_vaults_shelves_hall, layout_vaults_big_room
Vaults:5: uniq_mennas
Depths:1: layout_cross, chequers_big_river, rand_demon_pan_entry_5, hell_entry,
          minmay_multi_spiral
Depths:2: hangedman_spin_cycle, hell_entry, pan_entry, uniq_asterion
Depths:3: minmay_bloctagon_deflated, layout_small_grid, hellmouth_3,
          hangedman_abyss_entry_splay, infiniplex_staircase_pool_2, uniq_grunn
Depths:4: grunt_x_marks_the_spot, layout_gridlike, dreamdust_wishing_well,
          grunt_hell_horde, nicolae_ashenzari_skybound
Hell
Geh:1:    nicolae_geh_erupted_tower, layout_gehenna_lava_caves
Geh:2:    layout_gehenna_lava_caves
Geh:3:    layout_gehenna_lava_caves
Geh:4:    layout_gehenna_lava_caves
Geh:5:    layout_gehenna_pools_triple
Geh:6:    layout_gehenna_pools_triple
Geh:7:    evilmike_geh
Coc:1:    layout_cocytus_water_paths
Coc:2:    layout_ice_bergs, nicolae_coc_melting_block
Coc:3:    nicolae_coc_on_the_berg
Coc:4:    layout_ice_bergs
Coc:5:    layout_cocytus_delve, nicolae_coc_icebean_singular
          [nicolae_sub_coc_subbean]
Coc:6:    layout_cocytus_water_paths
Zot:1:    layout_cathedral_of_symmetry, st_small_dragon_hoard_4
Zot:2:    kennysheep_six_static_rooms, layout_onion_interference,
          grunt_ministairs_6, lemuel_elevator
Zot:3:    layout_misc_corridors
Zot:4:    layout_misc_corridors, grunt_megastairs_3
Zot:5:    layout_gridlike, kennysheep_underground_church

Skill      XL: |  1  2  3  4  5  6  7  8  9 10 11 12 13 14 15 16 17 18 19 20 21 22 23 24 25 26 27 |
---------------+----------------------------------------------------------------------------------+-----
Axes           | 3 4 5 6 7 9 11 13 14 16 19 22 24 25 27 | 27.0
Dodging        | 3 4 5 6 7 8 9 10 12 13 14 | 14.3
Invocations    | 6 9 10 15 20 23 25 26 27 | 27.0
Armour         | 3 6 8 9 11 12 15 17 18 20 22 | 22.4
Throwing       | 4 7 9 11 12 14 | 14.9
Fighting       | 7 9 10 13 16 17 20 | 20.0
Shields        | 9 12 14 15 16 | 16.0

Action                   |  1- 3 |  4- 6 |  7- 9 | 10-12 | 13-15 | 16-18 | 19-21 | 22-24 | 25-27 || total
-------------------------+-------+-------+-------+-------+-------+-------+-------+-------+-------++-------
Melee: War axe           |    91 |    77 |   368 |   639 |   810 |  1244 |  1103 |       |       ||  4332
       Tailslap          |     8 |     7 |    58 |   134 |   189 |   231 |   357 |   345 |   426 ||  1755
       Broad axe         |       |       |       |       |       |       |   430 |  1458 |  1637 ||  3525
Throw: Throwing net      |       |       |     2 |     1 |       |     1 |       |       |     3 ||     7
       Boomerang         |       |       |       |    21 |    24 |   178 |       |     2 |    57 ||   282
       Javelin           |       |       |       |       |       |    32 |       |     7 |    18 ||    57
Invok: Major Destruction |       |       |       |       |    75 |    96 |    58 |    92 |    96 ||   417
       Lesser Servant of |       |       |       |       |     3 |       |       |       |       ||     3
       Greater Servant o |       |       |       |       |     5 |     4 |     3 |     5 |    19 ||    36
Evoke: Wand              |       |     2 |     8 |    18 |     2 |     4 |       |     1 |       ||    35
  Use: Potion            |     3 |     3 |       |     1 |     4 |     3 |     1 |    11 |    15 ||    41
       Scroll            |       |       |    10 |    17 |    22 |    14 |    16 |     5 |    20 ||   104
 Stab: Invisible         |       |       |     1 |       |       |       |       |     2 |       ||     3
       Held in net/web   |       |       |     1 |       |       |       |       |       |     1 ||     2
       Distracted        |       |       |       |     1 |     1 |     2 |     1 |       |    11 ||    16
       Sleeping          |       |       |       |       |     2 |     4 |       |       |       ||     6
       Confused          |       |       |       |       |       |     2 |       |       |       ||     2
Armor: Leather armour    |    40 |     6 |    89 |   107 |   106 |   217 |    12 |       |       ||   577
       Skin              |     5 |    53 |       |       |       |       |       |       |       ||    58
       Scale mail        |       |       |       |       |    85 |       |       |       |       ||    85
       Crystal plate arm |       |       |       |       |       |       |   512 |   811 |   840 ||  2163
Dodge: Dodged            |    82 |    20 |   207 |   372 |   429 |   402 |   378 |   373 |   454 ||  2717
Block: Orb               |     6 |     9 |    56 |   168 |   283 |    52 |       |       |       ||   574
       Reflection        |       |       |       |     5 |    50 |    79 |    49 |    54 |    45 ||   282
       Kite shield       |       |       |       |       |       |   904 |  1286 |  1522 |  1531 ||  5243
       Other             |       |       |       |       |       |       |       |       |     1 ||     1
